 Dungeon Crawl Stone Soup version 0.29.1-15-g9cfb28693d (webtiles) character file.

Game seed: 18227543204456531623

523 leafyfresh the Sneak (level 7, -2/47 HPs)
             Began as an Octopode Delver on Feb 26, 2023.
             Slain by a phantom (6 damage)
             ... on level 4 of the Dungeon.
             The game lasted 00:05:45 (3875 turns).

leafyfresh the Sneak (Octopode Delver)              Turns: 3875, Time: 00:05:46

Health: -2/47      AC:  1    Str: 11    XL:     7   Next: 22%
Magic:  1/10       EV: 13    Int: 15    God:
Gold:   171        SH:  0    Dex: 13    Spells: 8/11 levels left

rFire   . . .      SeeInvis .   a - +0 short sword
rCold   . . .      Faith    .   (no shield)
rNeg    . . .      Spirit   .   (helmet restricted)
rPois   .          Reflect  .   (no amulet)
rElec   .          Harm     .   (no ring)
rCorr   .          Rampage  .   (no ring)
Will    .....                   (no ring)
Stlth   ++++......              (no ring)
HPRegen 0.15/turn               (no ring)
MPRegen 0.12/turn               (no ring)
                                (no ring)
                                (no ring)

@: no status effects
A: almost no armour, amphibious, 8 rings, camouflage 1, gelatinous body 1,
(nimble swimmer 1), tentacles
a: no special abilities


You were on level 4 of the Dungeon.
You visited 1 branch of the dungeon, and saw 5 of its levels.

You collected 171 gold pieces.

Inventory:

Hand Weapons
 a - a +0 short sword (weapon)
Armour
 j - a +0 buckler
Magical Staves
 l - a staff of poison
Jewellery
 g - a ring of fire
Wands
 f - a wand of digging (3)
Scrolls
 b - a scroll of fog
 c - 2 scrolls of magic mapping
 d - 2 scrolls of fear
 h - 5 scrolls of identify {unknown}
 i - a scroll of torment {unknown}
 m - 3 scrolls of noise {unknown}
 n - 2 scrolls of poison {unknown}
 q - a scroll of teleportation {unknown}
 r - a scroll of brand weapon {unknown}
 s - a scroll of butterflies {unknown}
Potions
 e - a potion of haste
 k - 2 potions of flight {unknown}
 o - 2 potions of heal wounds {unknown}
 p - 2 potions of curing {unknown}
 t - a potion of degeneration {unknown}
 u - 2 potions of might {unknown}


   Skills:
 - Level 3.8 Fighting
 - Level 2.0 Short Blades
 - Level 3.0 Dodging
 - Level 7.4 Stealth
 - Level 2.5 Spellcasting
 + Level 4.0 Conjurations
 - Level 2.7 Earth Magic


You had 8 spell levels left.
You knew the following spells:

 Your Spells              Type           Power      Damage    Failure   Level
a - Stone Arrow           Conj/Erth      24%        3d8       16%         3

Your spell library contained the following spells:

 Spells                   Type           Power      Damage    Failure   Level
 Lehudib's Crystal Spear  Conj/Erth      6%         10d3      100%        8
 Animate Armour           Summ/Erth      Unusable   N/A       N/A         4

Dungeon Overview and Level Annotations

Branches:
Dungeon (5/15)
 Temple: D:4-7

Altars:
Kikubaaqudgha
Makhleb
Okawaru
Qazlal


Innate Abilities, Weirdness & Mutations

You cannot wear most types of armour.
You are amphibious.
You can wear up to eight rings at the same time.
Your skin changes colour to match your surroundings (Stealth+).
Your rubbery body absorbs attacks. (AC +1, EV +1)
((You are camouflaged when in or above water. (Stealth+)))
You have tentacles for arms and can constrict up to eight enemies at once.


Message History

The phantom blinks!
You blink.
Casting: Stone Arrow (dangerous; 16% risk of failure)
Confirm with . or Enter, or press ? or * to list all spells.
You don't have enough magic to cast this spell.
Unknown command.
You hit the phantom.
The phantom is severely damaged.
The phantom hits you.
* * * LOW HITPOINT WARNING * * *
Unknown command.
You hit the phantom.
The phantom is almost destroyed.
The phantom closely misses you.
Unknown command.
You barely miss the phantom.
The phantom is almost destroyed.
The phantom hits you.
* * * LOW HITPOINT WARNING * * *
The phantom blinks!
You blink.
Unknown command.
Casting: Stone Arrow (dangerous; 16% risk of failure)
Confirm with . or Enter, or press ? or * to list all spells.
You don't have enough magic to cast this spell.
Casting: Stone Arrow (dangerous; 16% risk of failure)
Confirm with . or Enter, or press ? or * to list all spells.
You don't have enough magic to cast this spell.
Unknown command.
You hit the phantom but do no damage. Your squeeze misses the phantom.
The phantom is almost destroyed.
The phantom hits you.
* * * LOW HITPOINT WARNING * * *
The phantom blinks!
You blink.
Casting: Stone Arrow (dangerous; 16% risk of failure)
Confirm with . or Enter, or press ? or * to list all spells.
You don't have enough magic to cast this spell.
Unknown command.
You hit the phantom. You squeeze the phantom.
The phantom is almost destroyed.
The phantom hits you.
You die...

# #...#.............# .###
##...............##
...####.............#.######
...#..###...........##.....###
......>.......#......#....~P.#
..............#..........~~~.##
..!.......Z...........#..~~~P.#
.....................#..~~~...#
................@....#.P..~...#
.................W.##.....~.P.##
.........#.............##......#
#.#....................##.....##
####...................####....#
#!........................#.#..#
#....................[......####
......!.......#.......###....#
............####....o# ##...#


You could see a phantom and a howler monkey skeleton.

Vanquished Creatures
  An ogre (D:5)
  2 phantoms (D:4)
  An orc priest (D:4)
  Jessica (D:3)
  An orc wizard (D:4)
  A scorpion zombie (D:4)
  2 hound zombies (D:4)
  2 gnolls (D:3)
  4 adders
  An ufetubus (D:4)
  An adder zombie (D:4)
  A worm (D:4)
  4 orcs
  8 ball pythons
  15 endoplasms
  3 giant cockroaches (D:1)
  6 goblins
  8 hobgoblins
  4 jackals (D:2)
  2 quokkas (D:1)
  9 bats
  3 frilled lizards
  6 kobolds
  9 rats
95 creatures vanquished.

Vanquished Creatures (others)
  2 plants (D:4)
  A withered plant (D:4)
3 creatures vanquished.

Grand Total: 98 creatures vanquished

Notes
Turn   | Place    | Note
-------+----------+-------------------------------------------
     0 | D:5      | leafyfresh the Octopode Delver began the quest for the Orb.
     0 | D:5      | Reached XP level 1. HP: 16/16 MP: 1/1
    37 | D:5      | Noticed an ogre
    38 | D:5      | Noticed a jelly
    41 | D:5      | Noticed an iguana
    42 | D:5      | Noticed a scorpion
   117 | D:5      | Noticed an ogre
   123 | D:5      | Killed an ogre
   124 | D:5      | Reached skill level 7 in Stealth
   124 | D:5      | Reached XP level 2. HP: 22/22 MP: 2/2
   124 | D:5      | Reached XP level 3. HP: 27/27 MP: 3/3
   124 | D:5      | Reached XP level 4. HP: 33/33 MP: 4/4
   128 | D:5      | Learned a level 3 spell: Stone Arrow
   159 | D:4      | Reached skill level 1 in Earth Magic
   288 | D:4      | Reached skill level 1 in Spellcasting
   288 | D:4      | Reached XP level 5. HP: 37/37 MP: 6/6
   367 | D:3      | Identified the +1 robe of Heoweaps {*Corrode rPois rC+
                  | Str+2}
   414 | D:3      | Found an ancient bone altar of Kikubaaqudgha.
   416 | D:3      | Found a stormy altar of Qazlal.
   570 | D:3      | Noticed Jessica
   584 | D:3      | Killed Jessica
   715 | D:3      | Found a burning altar of Makhleb.
   801 | D:3      | Found an iron altar of Okawaru.
  1292 | D:2      | Reached XP level 6. HP: 43/43 MP: 9/9
  2037 | D:2      | Found a faded altar of an unknown god.
  2912 | D:1      | Reached skill level 1 in Conjurations
  3731 | D:4      | Reached XP level 7. HP: 40/47 MP: 0/10
  3875 | D:4      | Slain by a phantom

Illustrated notes

Levels and vault maps discovered:
D:1:      eino_arrival_cavern_d, layout_basic
D:2:      layout_basic, dreamdust_ecumenical_altar_hidden_monk_grotto,
          minmay_quantized
D:3:      layout_loops_cross, overflow_temple_1_default, grunt_qazlal_clouds,
          okawaru_altar_gauntlet_db, mainiacjoe_overflow_six_doors_small,
          hangedman_glass_teeth, uniq_jessica
D:4:      layout_cave_pools, serial_undead, serial_undead_c, serial_undead_b,
          serial_undead_f, serial_undead_f, serial_undead_a, serial_undead_d,
          serial_shops, nicolae_shop_window_shopping, serial_bayou_pond_b
D:5:      layout_loops_ring, nicolae_ossuary_entry_giza,
          minmay_misc_feat_four_crosses, kennysheep_opposing_triangles

Skill      XL: |  1  2  3  4  5  6  7 |
---------------+----------------------+-----
Dodging        | 3 |  3.0
Stealth        | 7 |  7.4
Earth Magic    | 1 2 |  2.7
Spellcasting   | 1 2 |  2.5
Conjurations   | 3 4 |  4.0
Fighting       | |  3.8
Short Blades   | |  2.0

Action                   |  1- 3 |  4- 6 |  7- 9 || total
-------------------------+-------+-------+-------++-------
Melee: Short sword       |     3 |   163 |    23 ||   189
       Tentacles         |       |    44 |     6 ||    50
       Constrict         |       |    40 |     3 ||    43
       Punch             |       |     3 |       ||     3
 Cast: Stone Arrow       |       |     6 |     4 ||    10
  Use: Potion            |       |     1 |       ||     1
 Stab: Sleeping          |     1 |    38 |       ||    39
Armor: Skin              |       |    11 |     1 ||    12
Dodge: Dodged            |     1 |    94 |    13 ||   108
